 Dungeon Crawl Stone Soup version 0.31-a0-1293-g5190ab2 (webtiles) character file.

Game seed: 9268859031848955745

117 PublicAnimeNo1 the Sneak (level 5, -3/30 HPs)
             Began as a Kobold Enchanter on Dec 18, 2023.
             Splashed by a jelly's acid (7 damage)
             ... on level 3 of the Dungeon.
             The game lasted 00:05:03 (3095 turns).

PublicAnimeNo1 the Sneak (Kobold Enchanter)         Turns: 3095, Time: 00:05:04

Health: -3/30      AC: -5    Str:  5    XL:     5   Next: 22%
Magic:  1/8        EV: 15    Int: 18    God:
Gold:   52         SH:  0    Dex: 16    Spells: 6/8 levels left

rFire   . . .        o - +0 dagger (speed)
rCold   . . .        (no shield)
rNeg    . . .        b - +1 robe
rPois   .            (no helmet)
rElec   .            (no cloak)
rCorr   .            (no gloves)
SInv    .            (no boots)
Will    .....        (no amulet)
Stlth   ++++         (no ring)
HPRegen 0.25/turn    (no ring)
MPRegen 0.11/turn

%: no passive effects
@: corroded, invisible
A: small, no large weapons, nightstalker 3
a: no special abilities


You were on level 3 of the Dungeon.
You visited 1 branch of the dungeon, and saw 3 of its levels.

You collected 52 gold pieces.

Inventory:

Hand Weapons
 a - a +1 heavy dagger
 h - a +0 vampiric dagger
 o - a +0 dagger of speed (weapon)
Armour
 b - a +1 robe (worn)
Jewellery
 d - a ring of fire
 i - an amulet of the acrobat
Scrolls
 e - 2 scrolls of identify
 j - a scroll of poison {unknown}
 l - a scroll of revelation
 m - a scroll of amnesia {unknown}
Potions
 c - a potion of invisibility
 f - 2 potions of resistance
 g - a potion of haste
 k - a potion of heal wounds {unknown}
 n - a potion of ambrosia {unknown}


   Skills:
 + Level 1.7 Fighting
 + Level 2.8 Short Blades
 - Level 2.4 Dodging
 + Level 4.8 Stealth
 - Level 2.1 Spellcasting
 * Level 4.1 Hexes
 + Level 1.0 Ice Magic


You had 6 spell levels left.
You knew the following spells:

 Your Spells              Type           Power      Damage    Failure   Level
a - Ensorcelled Hibernat  Hex/Ice        22%        N/A       10%         2

Your spell library contained the following spells:

 Spells                   Type           Power      Damage    Failure   Level
 Confusing Touch          Hex            16%        N/A       10%         3
 Tukima's Dance           Hex            16%        N/A       10%         3
 Dazzling Flash           Conj/Hex       18%        N/A       22%         3


Dungeon Overview and Level Annotations

Branches:
Dungeon (3/15)

Altars:

Annotations:
D:1 exclusion: 2 jackals


Innate Abilities, Weirdness & Mutations

You are small and have problems with some larger weapons.
You are completely attuned to the shadows.


Message History

Okay, then.
You hit the adder but do no damage.
The adder is heavily wounded.
The adder barely misses you.
You hit the adder.
The adder is severely wounded.
The adder bites you but does no damage.
You barely miss the adder.
The adder is severely wounded.
You hit the adder.
The adder is almost dead.
The adder barely misses you.
You hit the adder.
You kill the adder!
You hit the jelly.
Your hands burn!
The jelly is lightly wounded.
You hit the jelly.
Your hands burn!
The jelly is moderately wounded.
The jelly barely misses you.
You hit the jelly but do no damage.
Your hands burn!
The jelly is moderately wounded.
You hit the jelly.
Your hands burn!
You punch the jelly, but do no damage.
The jelly is heavily wounded.
The jelly completely misses you.
You aren't carrying any items that you can evoke.
You hit the jelly. The acid corrodes you!
Your hands burn!
The jelly is severely wounded.
The jelly barely misses you.
You hit the jelly.
Your hands burn!
* * * LOW HITPOINT WARNING * * *
The jelly is severely wounded.
You fade into invisibility!
The jelly closely misses you.
You hit the jelly.
Your hands burn!
* * * LOW HITPOINT WARNING * * *
The jelly is almost dead.
The jelly hits you.
* * * LOW HITPOINT WARNING * * *
The acid corrodes you!
You are splashed with acid!
You die...

#...# .#...###
#.......#########
#.............^..
###.......########.
.......### #.....#
..###....##
...J@.#.##
..#####.# #.# #+#


You could see a jelly.

Vanquished Creatures
  4 adders
  A worm (D:3)
  2 dart slugs
  5 orcs
  7 bats
  6 endoplasms
  3 giant cockroaches
  2 goblins (D:1)
  8 hobgoblins
  6 jackals
  A quokka (D:1)
  3 ball pythons (D:1)
  3 frilled lizards
  9 kobolds
  3 rats
63 creatures vanquished.

Notes
Turn   | Place    | Note
-------+----------+-------------------------------------------
     0 | D:1      | PublicAnimeNo1 the Kobold Enchanter began the quest for the
                  | Orb.
     0 | D:1      | Reached XP level 1. HP: 10/10 MP: 3/3
   269 | D:1      | Reached XP level 2. HP: 16/16 MP: 5/5
   272 | D:1      | Learned a level 2 spell: Ensorcelled Hibernation
   696 | D:1      | Reached XP level 3. HP: 20/20 MP: 6/6
   895 | D:1      | Reached skill level 1 in Fighting
  1458 | D:2      | Reached XP level 4. HP: 19/25 MP: 5/7
  2864 | D:3      | Found a faded altar of an unknown god.
  2882 | D:3      | Reached XP level 5. HP: 29/29 MP: 6/8
  3004 | D:3      | Reached skill level 1 in Ice Magic
  3095 | D:3      | Splashed by a jelly's acid

Illustrated notes

Levels and vault maps discovered:
D:1:      elethiomel_arrival_maze, layout_loops_corners
D:2:      layout_loops_cross
D:3:      layout_loops_corners, shapermc_ecumenical_altar_mp_highgroup

Skill      XL: |  1  2  3  4  5 |
---------------+----------------+-----
Short Blades   | 2 |  2.8
Fighting       | 1 |  1.7
Hexes          | 4 |  4.1
Ice Magic      | 1 |  1.0
Dodging        | |  2.4
Stealth        | |  4.8
Spellcasting   | |  2.1

Action                     |  1- 3 |  4- 6 || total
---------------------------+-------+-------++-------
  Melee: Dagger            |    82 |   127 ||   209
         Punch             |       |     2 ||     2
   Cast: Ensorcelled Hiber |    10 |    21 ||    31
    Use: Scroll            |     1 |     4 ||     5
         Potion            |       |     1 ||     1
   Stab: Sleeping          |    25 |    17 ||    42
         Distracted        |       |     1 ||     1
 Armour: Robe              |    28 |    45 ||    73
  Dodge: Dodged            |    40 |    88 ||   128

Table legend: (Time is in decaauts)
 A = Elapsed time spent in this place.
 B = Non-inter-level travel time spent in this place.
 C = Inter-level travel time spent in this place.
 D = Time resting spent in this place.
 E = Time spent auto-exploring this place.
 F = Levels seen in this place.
 G = Mean time per level.
                   A        B        C        D        E       F      G
               +--------+--------+--------+--------+--------+-----+--------+
         Total |   3071 |   3013 |     58 |    167 |   2373 |   3 | 1023.7 |
       Dungeon |   3071 |   3013 |     58 |    167 |   2373 |   3 | 1023.7 |
               +--------+--------+--------+--------+--------+-----+--------+

Top non-repeatable levels by time:
     D:1: 1374 daAuts
     D:2: 879 daAuts
     D:3: 817 daAuts
